 Dungeon Crawl Stone Soup version 0.31-a0-977-gc230f8ef24 (webtiles) character file.

Game seed: 18168442827136983982

143 Shayle the Ducker (level 5, -5/32 HPs)
             Began as a Tengu Hexslinger on Oct 29, 2023.
             Shot themself with a sling bullet (13 damage)
             ... on level 2 of the Dungeon.
             The game lasted 00:03:49 (2187 turns).

Shayle the Ducker (Tengu Hexslinger)                Turns: 2187, Time: 00:03:50

Health: -5/32      AC:  5    Str:  8    XL:     5   Next: 25%
Magic:  7/7        EV: 11    Int: 16    God:
Gold:   76         SH:  0    Dex: 16    Spells: 4/6 levels left

rFire   . . .        g - +1 sling (heavy)
rCold   . . .        (no shield)
rNeg    . . .        h - +0 ring mail
rPois   .            (helmet restricted)
rElec   .            (no cloak)
rCorr   .            (no gloves)
SInv    .            (boots unavailable)
Will    .....        (no amulet)
Stlth   +            (no ring)
HPRegen 0.25/turn    (no ring)
MPRegen 0.10/turn

%: acrobat
@: no status effects
A: beak, talons 3, acrobatic
a: no special abilities


You were on level 2 of the Dungeon.
You visited 1 branch of the dungeon, and saw 3 of its levels.

You collected 76 gold pieces.

Inventory:

Hand Weapons
 a - a +1 sling
 g - a +1 heavy sling (weapon)
Armour
 c - a +0 robe
 h - a +0 ring mail (worn)
Jewellery
 m - an amulet of regeneration
Scrolls
 b - a scroll of poison
 d - 4 scrolls of identify {unknown}
 e - a scroll of noise {unknown}
 i - a scroll of teleportation {unknown}
 k - a scroll of fog {unknown}
 l - 2 scrolls of fear {unknown}
 o - a scroll of immolation {unknown}
Potions
 f - a potion of brilliance {unknown}
 p - a potion of enlightenment {unknown}


   Skills:
 + Level 2.9 Fighting
 - Level 2.1 Ranged Weapons
 + Level 3.7 Dodging
 + Level 2.7 Unarmed Combat
 - Level 1.0 Spellcasting
 - Level 2.1 Hexes
 - Level 1.1 Fire Magic


You had 4 spell levels left.
You knew the following spells:

 Your Spells              Type           Power      Damage    Failure   Level
a - Jinxbite              Hex            14%        N/A       41%         2

Your spell library contained the following spells:

 Spells                   Type           Power      Damage    Failure   Level
 Sigil of Binding         Hex            7%         N/A       65%         3
 Inner Flame              Hex/Fire       6%         N/A       73%         3
 Cause Fear               Hex            3%         N/A       96%         4
 Dimensional Bullseye     Hex/Tloc       2%         N/A       99%         4


Dungeon Overview and Level Annotations

Branches:
Dungeon (3/15)

Altars:

Annotations:
D:2 1 runed translucent door, Crazy Yiuf
D:3 Sigmund


Innate Abilities, Weirdness & Mutations

You have a beak for a mouth.
You have claws for feet.
You can magically evade attacks while moving or waiting.


Message History

The orc priest looks encouraged for a moment. x2
You shoot a sling bullet.
The sling bullet barely misses the orc priest.
The orc priest hits you with a +0 flail.
* * * LOW HITPOINT WARNING * * *
The orc priest barely misses you.
You shoot a sling bullet. The sling bullet hits the orc priest!
You kill the orc priest!
You have reached level 5!
Things that are here:
a +0 flail; a +0 ring mail You start resting.
HP restored.
There is a stone staircase leading down here.
You climb downwards.
Level annotation: Sigmund The orc hits you but does no damage.
The orc hits you with a +0 hand axe.
There is a stone staircase leading up, spattered with blood here.
The orc shouts!
The orc hits you with a +0 hand axe.
You climb upwards.
Level annotation: 1 runed translucent door, Crazy Yiuf
There is a stone staircase leading down here.
You shoot a sling bullet.
The orc blocks the sling bullet with an invisible shield... and reflects it back!
The sling bullet hits you. The orc hits you but does no damage.
The orc closely misses you.
You shoot a sling bullet.
The orc blocks the sling bullet with an invisible shield... and reflects it back!
The sling bullet hits you! The orc closely misses you. x2
You shoot a sling bullet.
The orc blocks the sling bullet with an invisible shield... and reflects it back!
The sling bullet hits you but does no damage.
The orc hits you with a +0 hand axe.
* * * LOW HITPOINT WARNING * * *
The orc completely misses you.
You shoot a sling bullet.
The orc blocks the sling bullet with an invisible shield... and reflects it back!
The sling bullet hits you!
You die...

# ♣♣.♣♣ ##.###..##.# #
♣.♣♣ #.# #..##.# # ♣♣.♣
##.###..##.# ♣.♣♣
#..........# ♣♣.♣
##.#.#..##.# #+#
##.#.#..##.#### ...
#..#.#........# # #...#
##...[......<### # #..)#
#.....@........# # #####
#....#o.##.#.#.# #
#..........#.#.# ########
##.#.#..##.#.#.# .......#
###.#..##.#.#.####
#.###### #.#............#
#.# #.#.###.....#### #.#
#.#.# #...#.#
..############.#.###...#.#


You could see an orc (reflecting).

Vanquished Creatures
  An orc priest (D:2)
  5 adders
  A worm (D:2)
  3 dart slugs
  An orc (D:3)
  8 endoplasms
  2 giant cockroaches (D:2)
  6 goblins
  2 hobgoblins (D:2)
  A jackal (D:1)
  6 quokkas
  5 ball pythons
  7 bats
  4 frilled lizards (D:1)
  6 kobolds
  A rat (D:1)
59 creatures vanquished.

Notes
Turn   | Place    | Note
-------+----------+-------------------------------------------
     0 | D:1      | Shayle the Tengu Hexslinger began the quest for the Orb.
     0 | D:1      | Reached XP level 1. HP: 12/12 MP: 3/3
    57 | D:1      | Reached XP level 2. HP: 16/16 MP: 4/4
    81 | D:1      | Reached skill level 1 in Unarmed Combat
   285 | D:1      | Reached XP level 3. HP: 21/21 MP: 5/5
   774 | D:2      | Reached skill level 3 in Dodging
   881 | D:2      | Found a faded altar of an unknown god.
   912 | D:2      | Reached XP level 4. HP: 25/26 MP: 6/6
  1247 | D:2      | Found a runed translucent door.
  1248 | D:2      | Noticed Crazy Yiuf
  1475 | D:2      | Learned a level 2 spell: Jinxbite
  1796 | D:3      | Noticed Sigmund
  2088 | D:2      | Reached XP level 5. HP: 9/32 MP: 7/7
  2187 | D:2      | Shot themself with a sling bullet

Illustrated notes

Levels and vault maps discovered:
D:1:      orjb1_lava_funnel, layout_loops_ring, minmay_small_reverse_x
D:2:      cheibrodos_old_hovel, layout_basic, ebering_ecumenical_altar_box,
          uniq_crazy_yiuf_cottage
D:3:      layout_rooms, gammafunk_ghost_icy, minmay_fountain_box, uniq_sigmund,
          uniq_jessica

Skill      XL: |  1  2  3  4 |
---------------+-------------+-----
Unarmed Combat | 1 2 |  2.7
Fighting       | 2 |  2.9
Dodging        | 3 |  3.7
Ranged Weapons | |  2.1
Spellcasting   | |  1.0
Hexes          | |  2.1
Fire Magic     | |  1.1

Action                     |  1- 3 |  4- 6 || total
---------------------------+-------+-------++-------
   Fire: Sling             |    94 |    63 ||   157
    Use: Potion            |       |     3 ||     3
 Armour: Robe              |     8 |       ||     8
         Ring mail         |    33 |    63 ||    96
  Dodge: Dodged            |    35 |    44 ||    79

Table legend: (Time is in decaauts)
 A = Elapsed time spent in this place.
 B = Non-inter-level travel time spent in this place.
 C = Inter-level travel time spent in this place.
 D = Time resting spent in this place.
 E = Time spent auto-exploring this place.
 F = Levels seen in this place.
 G = Mean time per level.
                   A        B        C        D        E       F      G
               +--------+--------+--------+--------+--------+-----+--------+
         Total |   2330 |   2094 |    236 |    357 |   1248 |   3 |  776.7 |
       Dungeon |   2330 |   2094 |    236 |    357 |   1248 |   3 |  776.7 |
               +--------+--------+--------+--------+--------+-----+--------+

Top non-repeatable levels by time:
     D:2: 1320 daAuts
     D:1: 815 daAuts
     D:3: 194 daAuts
